 Dungeon Crawl Stone Soup version 0.20.0 (webtiles) character file.

10071 Llamajah the Fighter (level 11, 0/153 HPs)
             Began as a Minotaur Berserker on June 7, 2017.
             Was a High Priest of Trog.
             Slain by a komodo dragon (10 damage)
             ... on level 10 of the Dungeon.
             The game lasted 00:30:23 (7681 turns).

Llamajah the Fighter (Minotaur Berserker)           Turns: 7681, Time: 00:30:24

Health: 0/153      AC: 15    Str: 28    XL:     11   Next: 31%
Magic:  3/3        EV: 11    Int:  7    God:    Trog [*****.]
Gold:   733        SH:  0    Dex: 12    Spells: 10/10 levels left

rFire    . . .     SeeInvis .   O - +1 executioner's axe (antimagic)
rCold    . . .     Gourm    .   (shield currently unavailable)
rNeg     . . .     Faith    +   i - +0 plate armour
rPois    .         Spirit   .   N - +0 hat {Int+3}
rElec    .         Reflect  .   (no cloak)
rCorr    .         Harm     .   (no gloves)
MR       .....                  g - +0 pair of boots
Stlth    ..........             G - amulet of faith (curse)
Regen    0.4/turn               (no ring)
MPRegen  0.1/turn               (no ring)

@: berserking, very quick
A: retaliatory headbutt, horns 2
a: Berserk, Trog's Hand, Brothers in Arms, Burn Spellbooks, Renounce Religion


You were on level 10 of the Dungeon.
You worshipped Trog.
Trog was extremely pleased with you.
You were very hungry.

You visited 1 branch of the dungeon, and saw 10 of its levels.

You collected 733 gold pieces.

Inventory:

Hand Weapons
 a - a +0 hand axe
 t - a +0 war axe
 y - a +0 hunting sling
 O - a +1 antimagic executioner's axe (weapon)
Missiles
 C - 226 stones (quivered)
 F - 95 sling bullets
Armour
 g - a +0 pair of boots (worn)
 i - a +0 plate armour (worn)
 w - a +0 buckler
 N - a +0 hat of intelligence (worn)
Jewellery
 u - an uncursed amulet of regeneration
 G - a cursed amulet of faith (around neck)
 L - an uncursed ring of ice
Wands
 s - a wand of random effects (23/48)
 v - a wand of lightning (8/15)
 B - a wand of iceblast (10/15)
 I - a wand of flame (29/48)
Scrolls
 b - a scroll of blinking {unknown}
 e - 7 scrolls of remove curse
 f - 8 scrolls of identify {unknown}
 k - 2 scrolls of teleportation {unknown}
 m - 4 scrolls of amnesia {unknown}
 o - 3 scrolls of fog {unknown}
 q - 3 scrolls of fear {unknown}
 D - 3 scrolls of enchant weapon {unknown}
 E - a scroll of magic mapping {unknown}
Potions
 d - 3 potions of degeneration {unknown}
 l - 2 potions of haste {unknown}
 n - 3 potions of magic {unknown}
 p - 2 potions of mutation {unknown}
 r - 5 potions of curing {unknown}
 x - 2 potions of resistance {unknown}
 z - 3 potions of might {unknown}
 A - a potion of agility
 H - a potion of lignification {unknown}
 M - 2 potions of heal wounds {unknown}
Comestibles
 c - 8 bread rations
 h - 3 royal jellies
 j - 9 meat rations


   Skills:
 * Level 11.2 Fighting
 * Level 11.0 Axes
 + Level 5.5 Slings
 + Level 8.4 Armour
 + Level 7.8 Dodging
 - Level 7.0 Shields
 - Level 2.2 Evocations


You had 10 spell levels left.
You didn't know any spells.

Dungeon Overview and Level Annotations

Branches:
Dungeon (10/15)            Temple (0/1) D:6            Lair (0/6) D:8
    Orc (0/2) D:9

Altars:
Gozag
Nemelex Xobeh
Okawaru
Trog
Uskayaw
Yredelemnul
Zin
The Shining One

Shops:
D:9 }[(


Innate Abilities, Weirdness & Mutations

You reflexively headbutt those who attack you in melee.
You have a pair of horns on your head.


Message History

A red film seems to cover your vision as you go berserk!
You feel yourself moving faster!
You feel mighty!
You are feeling very hungry.
The komodo dragon bites you!!
* * * LOW HITPOINT WARNING * * *
You closely miss the komodo dragon.
The komodo dragon is heavily wounded.
The komodo dragon bites you.
* * * LOW HITPOINT WARNING * * *
You closely miss the komodo dragon. You headbutt the komodo dragon!
The komodo dragon is severely wounded.
The komodo dragon bites you but does no damage.
You barely miss the komodo dragon.
The komodo dragon is severely wounded.
The komodo dragon bites you!!
* * * LOW HITPOINT WARNING * * *
You closely miss the komodo dragon.
The komodo dragon is severely wounded.
The komodo dragon bites you!
You die...

##############
#............. ##########.
#.####..#####.###..........
#.###...#.......#..#######.
.. #.##.#..#.###.#.#...## .
#.#.###....@l........# .
#.##.#..#.###.#.#...## .
#.......#<###.#.##.## #
#####.#....)..#.##.# #
#.###.......##.# #
####.############'##
#######........# ##...##
.....##.##.###.# ##.....##
####.##.##.##..# ##.....[.#


You could see a komodo dragon.

Vanquished Creatures
  Gastronok (D:9)
  The ghost of Llamajah the Nimble, a novice MiBe of Trog (D:7)
  A hornet (D:8)
  A hippogriff (D:10)
  14 yaks
  2 basilisks (D:8)
  A vampire (D:9)
  Grum (D:9)
  Edmund (D:5)
  3 porcupines (D:8)
  An ice beast (D:5)
  2 black bears (D:7)
  4 sky beasts
  6 orc warriors
  A phantom (D:8)
  2 wolves (D:9)
  3 ogres
  3 centaurs
  3 crocodiles (D:8)
  3 bullfrogs
  A gnoll sergeant (D:7)
  4 scorpions
  3 killer bees (D:10)
  4 howler monkeys
  2 crimson imps
  A centaur zombie (D:9)
  A bullfrog zombie (D:7)
  6 hounds
  5 jellies
  An orc priest (D:7)
  2 bullfrog skeletons
  3 iguanas
  10 worker ants
  7 orc wizards
  A hound skeleton (D:8)
  15 gnolls
  19 adders
  3 river rats (D:4)
  2 shadow imps
  An adder skeleton (D:6)
  A worm (D:3)
  4 dart slugs
  5 leopard geckos
  38 orcs
  A giant cockroach (D:8)
  14 goblins
  11 hobgoblins
  7 jackals
  6 kobolds
  4 quokkas
  2 bats
  3 frilled lizards
  A leopard gecko skeleton (D:5)
  27 rats
  A plant (D:8)
270 creatures vanquished.

Vanquished Creatures (others)
  An orc wizard (D:10)
  A plant (D:8)
2 creatures vanquished.

Grand Total: 272 creatures vanquished

Notes
Turn   | Place    | Note
-------+----------+-------------------------------------------
     0 | D:1      | Llamajah the Minotaur Berserker began the quest for the Orb.
     0 | D:1      | Reached XP level 1. HP: 19/19 MP: 0/0
   130 | D:1      | Reached XP level 2. HP: 15/27 MP: 1/1
  1023 | D:2      | Reached XP level 3. HP: 32/33 MP: 2/2
  1145 | D:2      | Reached ** piety under Trog
  1156 | D:2      | Reached XP level 4. HP: 34/40 MP: 3/3
  1465 | D:2      | Found a sparkling altar of Nemelex Xobeh.
  1686 | D:3      | Reached XP level 5. HP: 47/47 MP: 4/4
  2261 | D:3      | Found a glowing golden altar of the Shining One.
  2551 | D:4      | Reached skill level 5 in Axes
  2553 | D:4      | Reached XP level 6. HP: 55/55 MP: 5/5
  2612 | D:4      | Reached skill level 5 in Fighting
  2820 | D:4      | Reached skill level 1 in Shields
  2820 | D:4      | Reached skill level 1 in Evocations
  2892 | D:4      | Reached *** piety under Trog
  3188 | D:5      | Entered Level 5 of the Dungeon
  3250 | D:5      | Noticed Edmund
  3255 | D:5      | Reached XP level 7. HP: 61/61 MP: 5/7
  3259 | D:5      | Killed Edmund
  3259 | D:5      | Reached **** piety under Trog
  3418 | D:5      | Reached skill level 5 in Dodging
  3574 | D:5      | Found a hide-covered altar of Uskayaw.
  3582 | D:5      | Reached skill level 5 in Armour
  3596 | D:5      | Reached XP level 8. HP: 70/70 MP: 8/8
  3794 | D:5      | Found a glowing silver altar of Zin.
  3795 | D:5      | Noticed an angel
  4034 | D:6      | Found a glowing silver altar of Zin.
  4346 | D:6      | Found a staircase to the Ecumenical Temple.
  4370 | D:7      | Reached skill level 1 in Slings
  4439 | D:7      | Found a bloodstained altar of Trog.
  4445 | D:7      | Reached XP level 9. HP: 80/80 MP: 9/9
  4468 | D:7      | Reached ***** piety under Trog
  4560 | D:7      | Noticed Llamajah's ghost (novice MiBe)
  4588 | D:7      | Killed Llamajah's ghost
  4873 | D:7      | Reached skill level 5 in Shields
  4894 | D:7      | Received a gift from Trog
  5190 | D:8      | Received a gift from Trog
  5202 | D:8      | Found a staircase to the Lair.
  5209 | D:8      | Reached XP level 10. HP: 91/91 MP: 10/10
  5609 | D:8      | Found an iron altar of Okawaru.
  5796 | D:8      | Reached skill level 10 in Fighting
  6065 | D:8      | Found an opulent altar of Gozag.
  6147 | D:9      | Found Replen's Weapon Boutique.
  6148 | D:9      | Found a staircase to the Orcish Mines.
  6154 | D:9      | Found Kiash's Armour Boutique.
  6157 | D:9      | Reached skill level 10 in Axes
  6370 | D:9      | Received a gift from Trog
  6413 | D:9      | Found Ifeunuxo's Gadget Boutique.
  6467 | D:9      | Noticed Grum
  6467 | D:9      | Noticed Gastronok
  6477 | D:9      | Killed Gastronok
  6477 | D:9      | Reached skill level 5 in Slings
  6477 | D:9      | Reached XP level 11. HP: 101/101 MP: 11/11
  6482 | D:9      | Killed Grum
  6542 | D:9      | Found a basalt altar of Yredelemnul.
  6708 | D:10     | Entered Level 10 of the Dungeon
  6974 | D:10     | Received a gift from Trog
  7681 | D:10     | Slain by a komodo dragon

Skill      XL: |  1  2  3  4  5  6  7  8  9 10 11 |
---------------+----------------------------------+-----
Armour         | 3 4 5 6 8 |  8.4
Axes           | 4 5 6 8 9 10 11 | 11.0
Dodging        | 3 4 5 6 7 |  7.8
Fighting       | 4 5 6 7 9 10 11 | 11.2
Shields        | 1 2 4 5 6 7 |  7.0
Evocations     | 1 2 |  2.2
Slings         | 1 3 5 |  5.5

Action                   |  1- 3 |  4- 6 |  7- 9 | 10-12 || total
-------------------------+-------+-------+-------+-------++-------
Melee: Hand axe          |    45 |    76 |       |       ||   121
       Headbutt          |    13 |    29 |    49 |    50 ||   141
       War axe           |       |   116 |   253 |   162 ||   531
       Executioner's axe |       |       |       |    48 ||    48
Invok: Berserk           |     1 |     2 |     9 |     3 ||    15
       Burn Spellbooks   |       |     1 |     3 |     1 ||     5
  Use: Scroll            |       |     1 |       |       ||     1
  Eat: Chunk             |     2 |     9 |    14 |    10 ||    35
Armor: Animal skin       |     1 |       |       |       ||     1
       Plate armour      |    24 |   115 |   145 |    96 ||   380
Dodge: Dodged            |    14 |    74 |    87 |   101 ||   276
Block: Buckler           |       |    16 |    41 |    28 ||    85
